 Dungeon Crawl Stone Soup version 0.24.0-29-g8ce449bc06 (webtiles) character file.

Game seed: 9456125051412023718, levelgen mode: deterministic

39 FishyPogo the Magician (level 3, -3/19 HPs)
             Began as a Deep Elf Wizard on Nov 15, 2019.
             Slain by a goblin
             ... wielding a +0 club
             ... led by Robin
              (4 damage)
             ... on level 2 of the Dungeon.
             The game lasted 00:05:38 (1497 turns).

FishyPogo the Magician (Deep Elf Wizard)            Turns: 1497, Time: 00:05:39

Health: -3/19      AC:  4    Str:  4    XL:     3   Next: 28%
Magic:  11/11      EV: 13    Int: 23    God:
Gold:   45         SH:  0    Dex: 13    Spells: 6/11 levels left

rFire    . . .     SeeInvis .   f - +0 dagger (speed)
rCold    . . .     Gourm    .   (no shield)
rNeg     . . .     Faith    .   a - +0 robe
rPois    .         Spirit   .   b - +0 hat
rElec    .         Reflect  .   h - +0 cloak
rCorr    .         Harm     .   l - +0 pair of gloves
MR       .....                  (no boots)
Stlth    ++........             (no amulet)
HPRegen  0.06/turn              (no ring)
MPRegen  0.12/turn              (no ring)

@: about to teleport
A: no striking features
a: no special abilities


You were on level 2 of the Dungeon.
You were not hungry.

You visited 1 branch of the dungeon, and saw 2 of its levels.

You collected 45 gold pieces.

Inventory:

Hand Weapons
 f - a +0 dagger of speed (weapon)
Missiles
 e - 22 stones (quivered)
Armour
 a - a +0 robe (worn)
 b - a +0 hat (worn)
 h - a +0 cloak (worn)
 l - a +0 pair of gloves (worn)
Scrolls
 c - 3 scrolls of identify {unknown}
 g - a scroll of remove curse {unknown}
Comestibles
 d - 3 rations
 m - 7 chunks of flesh


   Skills:
 + Level 3.0 Dodging
 - Level 3.0 Stealth
 + Level 4.8 Spellcasting
 * Level 2.4 Conjurations
 - Level 1.1 Summonings
   Level 1.1 Translocations


You had 6 spell levels left.
You knew the following spells:

 Your Spells              Type           Power        Failure   Level  Hunger
a - Magic Dart            Conj           ###.         3%          1    None
c - Slow                  Hex            #.......     14%         2    None
p - Call Imp              Summ           ##......     10%         2    None

Your spell library contained the following spells:

 Spells                   Type           Power        Failure   Level  Hunger
 Blink                    Tloc           N/A          10%         2    None
 Conjure Flame            Conj/Fire      ##......     17%         3    ##.....
 Mephitic Cloud           Conj/Pois/Air  #.......     21%         3    ##.....


Dungeon Overview and Level Annotations

Branches:
Dungeon (2/15)

Altars:

Annotations:
D:2 1 runed translucent door, Crazy Yiuf, Robin


Message History

Robin is moderately wounded.
Some of the chunks of flesh in your inventory have rotted away.
You closely miss Robin.
Robin is moderately wounded.
Your crimson imp disappears in a puff of smoke!
Robin hits you with a +0 short sword.
It was a potion of magic.
Magic courses through your body. Robin hits you with a +0 short sword.
* * * LOW HITPOINT WARNING * * *
You hit the goblin but do no damage. The goblin closely misses you.
Robin hits you but does no damage.
You aren't carrying any potions.
Unknown command.
As you read the scroll labeled ZOUNNA FOL PAKHLA, it crumbles to dust.
You feel aware of your surroundings.
You sensed 1 altar.
It was a scroll of magic mapping.
The goblin misses you.
As you read the scroll labeled JIZOOC ZIFAFA, it crumbles to dust.
You feel strangely unstable.
It was a scroll of teleportation.
The goblin hits you with a +0 club.
You die...

**,,....,** ##5...#,,,,,
♣...≈≈≈...♣ #.....#,,,,,
#..≈≈≈≈≈.g###)g...+,,,,,
#..≈≈♣≈≈.^.)§§....#,,,,,
#..≈≈≈≈≈...########***,*
#...≈≈≈..g.# *,*
*#.........# *,,
*#...(g..#* ***
**#.g@.#* ######


You could see Robin, 2 hobgoblins and a goblin.

Vanquished Creatures
  A worm (D:2)
  2 dart slugs (D:1)
  A ball python (D:1)
  11 goblins
  A hobgoblin (D:2)
  5 bats
  2 frilled lizards
  3 kobolds (D:1)
  2 rats
28 creatures vanquished.

Vanquished Creatures (collateral kills)
  2 bats (D:1)
  2 goblins (D:2)
  A hobgoblin (D:2)
5 creatures vanquished.

Grand Total: 33 creatures vanquished

Notes
Turn   | Place    | Note
-------+----------+-------------------------------------------
     0 | D:1      | FishyPogo the Deep Elf Wizard began the quest for the Orb.
     0 | D:1      | Reached XP level 1. HP: 10/10 MP: 7/7
   380 | D:1      | Reached XP level 2. HP: 15/15 MP: 7/9
   384 | D:1      | Learned a level 2 spell: Call Imp
   387 | D:1      | Learned a level 2 spell: Slow
  1034 | D:2      | Noticed Robin
  1201 | D:2      | Reached XP level 3. HP: 17/19 MP: 1/11
  1306 | D:2      | Found a runed translucent door.
  1307 | D:2      | Noticed Crazy Yiuf
  1497 | D:2      | Slain by a goblin

Levels and vault maps discovered:
D:1:      dpeg_arrival_yet_another_circle, layout_basic, grunt_decor_one_mirror,
          hangedman_decor_growths, chequers_serial_rivers_micro_d,
          kennysheep_nondescript
D:2:      layout_basic, elyvilon_altar_3, first_ration, uniq_robin,
          uniq_crazy_yiuf_cottage

Skill      XL: |  1  2  3 |
---------------+----------+-----
Conjurations   | 2 |  2.4
Stealth        | 3 |  3.0
Dodging        | 3 |  3.0
Spellcasting   | |  4.8
Summonings     | |  1.1
Translocations | |  1.1

Action                   || total
-------------------------++-------
Melee: Dagger            ||    87
 Cast: Magic Dart        ||    47
       Call Imp          ||     8
       Slow              ||     1
  Use: Scroll            ||     2
       Potion            ||     1
 Stab: Sleeping          ||     2
  Eat: Chunk             ||     2
Armor: Robe              ||    10
Dodge: Dodged            ||    40
